 Dungeon Sprint DCSS version 0.17-a0-2118-g63bad21 (webtiles) character file.

2000000 hexophile the Axe Maniac (level 18, -15/116 HPs)
             Began as a Spriggan Warper on Oct 20, 2015.
             Demolished by a meat berserker
             ... wielding a +9 battleaxe
              (61 damage)
             ... in the Dungeon (Sprint VIII: "Arena of Blood").
             The game lasted 00:01:03 (20 turns).

hexophile the Axe Maniac (Spriggan Warper)            Turns: 20, Time: 00:01:03

Health: -15/116    AC:  2    Str:  7    XL:     18   Next: 15%
Magic:  19/50      EV: 43    Int: 16    God:
Gold:   0          SH:  0    Dex: 22    Spells: 1 memorised, 70 levels left

rFire  . . .     SeeInvis +     k - +∞ Axe of Woe
rCold  . . .     Clarity  .     a - +0 robe
rNeg   . . .     SustAt   .     (shield restricted)
rPois  .         Gourm    .     (helmet restricted)
rElec  .         Spirit   .     (no cloak)
rCorr  .         Warding  .     (gloves unavailable)
rMut   .         NoTele   +     (boots unavailable)
MR     +++..                    (no amulet)
Stlth  ++++++++++               (no ring)
                                (no ring)

@: very quick, extremely resistant to hostile enchantments, uncannily stealthy
A: unfitting armour, see invisible, herbivore 3, speed 3, slow metabolism 2
a: no special abilities


You were in the Dungeon.
You were not hungry.

You visited 1 branch


Innate Abilities, Weirdness & Mutations

You are tiny and cannot use many weapons and most armour.
You have supernaturally acute eyesight.
You are a herbivore.
You cover ground extremely quickly.
You need consume almost no food.

Inventory:

Hand Weapons
 k - the +∞ Axe of Woe (weapon)
   (You found it in the Dungeon)
Missiles
 d - 5 tomahawks of dispersal (quivered)
Armour
 a - a +0 robe (worn)
Scrolls
 c - 2 scrolls of blinking
Potions
 f - a potion of curing
 g - a potion of heal wounds
 h - a potion of haste
 i - 2 potions of magic
 j - a potion of berserk rage
Books
 b - a book of Spatial Translocations

   Spells                             Type                      Level
   a - Apportation                    Translocation                1
   b - Blink                          Translocation                2
   c - Shroud of Golubria             Charms/Translocation         2
   d - Portal Projectile              Translocation                3
   e - Teleport Other                 Translocation                3
   f - Passage of Golubria            Translocation                4
Comestibles
 e - a bread ration


You had 70 spell levels left.
You knew the following spells:

 Your Spells              Type           Power        Failure   Level  Hunger
z - Apportation           Tloc           #######...   0%          1    None


   Skills:
 + Level 21.6 Fighting
 O Level 27 Axes
 - Level 1.0 Throwing
 O Level 27 Dodging
 O Level 27 Stealth
 - Level 1.5 Unarmed Combat
 O Level 27 Spellcasting
 O Level 27 Translocations

Dungeon Overview and Level Annotations

Branches:
Dungeon (1/1)

Altars:
Makhleb

Vault maps used:
D:        meatsprint
You       could see a large bag of meat (inner flame), 4 meat berserkers and 13
          bags of meat.


Message History

Your Translocations skill gained 3 levels and is now at level 24!
You hear a shout! x8
A bag of meat comes into view. It is wielding a +9 war axe.
The bag of meat shouts! 2 orcs come into view.
You regained 2 hp, and now have 43/95 hp.
Unknown command.
The bag of meat shouts!
You hit the meat berserker but do no damage.
You chop the meat berserker into pieces.
You kill the meat berserker!
Your Fighting skill gained 2 levels and is now at level 17!
Your Dodging skill gained 2 levels and is now at level 26!
You have mastered Stealth!
Your Spellcasting skill gained 2 levels and is now at level 22!
Your Translocations skill gained 2 levels and is now at level 26!
You have reached level 17!
You hear a shout!
The meat berserker rages.
You hear a shout!
The bag of meat moves out of view.
You hear a shout! x5
The meat berserker rages.
You hear a shout! x4
Unknown command.
Unknown command.
You slice the meat berserker!!
You slaughter the meat berserker joyfully.
You kill the meat berserker!
Your Fighting skill gained 2 levels and is now at level 19!
You have mastered Dodging!
Your Spellcasting skill gained 4 levels and is now at level 26!
You have mastered Translocations!
You slice the bag of meat!!
You fatally mangle the bag of meat.
You kill the bag of meat!
Your Fighting skill gained 2 levels and is now at level 21!
You have mastered Spellcasting!
You have reached level 18!
Your experience leads to an increase in your attributes!
Increase (S)trength, (I)ntelligence, or (D)exterity?
You feel agile.
You hear a shout! x6
You regained 2 hp, and now have 46/116 hp.
Unknown command.
A bag of meat comes into view. It is wielding a +9 war axe.
You hear a shout! x3
You hear a shout! x7
The meat berserker hits you with a +9 battleaxe!!!
Ouch! That really hurt!
You die...

Action                   |  1- 3 |  4- 6 |  7- 9 | 10-12 | 13-15 | 16-18 || total
-------------------------+-------+-------+-------+-------+-------+-------++-------
Melee: Broad axe         |     1 |       |       |     1 |     4 |     2 ||     8

Notes
Turn   | Place    | Note
--------------------------------------------------------------
     0 | D        | hexophile the Spriggan Warper began the quest for the Orb.
     0 | D        | Reached XP level 1. HP: 10/10 MP: 5/5
     5 | D        | Noticed a bag of meat
     6 | D        | Noticed a bag of meat
     7 | D        | Killed a bag of meat
     7 | D        | Reached skill level 22 in Axes
     7 | D        | Reached XP level 2. HP: 14/14 MP: 6/6
     7 | D        | Reached XP level 3. HP: 18/18 MP: 8/8
     7 | D        | Reached XP level 4. HP: 22/22 MP: 9/9
     7 | D        | Reached XP level 5. HP: 25/25 MP: 10/10
     7 | D        | Reached XP level 6. HP: 30/30 MP: 11/11
     7 | D        | Reached XP level 7. HP: 33/33 MP: 12/12
     7 | D        | Reached XP level 8. HP: 37/37 MP: 13/13
     7 | D        | Reached XP level 9. HP: 41/41 MP: 14/14
     7 | D        | Reached XP level 10. HP: 46/46 MP: 15/15
     7 | D        | Reached XP level 11. HP: 49/49 MP: 16/16
     8 | D        | Noticed a bag of meat
     8 | D        | Noticed a bag of meat
     8 | D        | Noticed a bag of meat
     8 | D        | Noticed a meat berserker
     8 | D        | Noticed a bag of meat
     8 | D        | Killed a bag of meat
     8 | D        | Reached skill level 25 in Axes
     8 | D        | Reached XP level 12. HP: 34/53 MP: 17/17
     8 | D        | Killed a bag of meat
     8 | D        | Reached skill level 27 in Axes
     8 | D        | Reached skill level 3 in Fighting
     8 | D        | Reached skill level 6 in Dodging
     8 | D        | Reached skill level 5 in Stealth
     8 | D        | Reached skill level 4 in Spellcasting
     8 | D        | Reached skill level 6 in Translocations
     8 | D        | Reached XP level 13. HP: 36/60 MP: 17/21
     9 | D        | Noticed a meat berserker
     9 | D        | Noticed a bag of meat
     9 | D        | Noticed a bag of meat
     9 | D        | Noticed a bag of meat
    10 | D        | Killed a bag of meat
    10 | D        | Reached skill level 6 in Fighting
    10 | D        | Reached skill level 11 in Dodging
    10 | D        | Reached skill level 12 in Stealth
    10 | D        | Reached skill level 9 in Spellcasting
    10 | D        | Reached skill level 11 in Translocations
    10 | D        | Reached XP level 14. HP: 38/70 MP: 17/28
    11 | D        | Noticed a meat berserker
    11 | D        | Noticed a meat berserker
    11 | D        | Noticed a bag of meat
    11 | D        | Noticed a bag of meat
    11 | D        | Noticed a bag of meat
    11 | D        | Noticed a bag of meat
    11 | D        | Noticed a large bag of meat
    12 | D        | Noticed a bag of meat
    12 | D        | Noticed a large bag of meat
    12 | D        | Noticed a bag of meat
    13 | D        | Noticed a bag of meat
    13 | D        | Noticed a meat berserker
    13 | D        | Killed a bag of meat
    13 | D        | Reached skill level 9 in Fighting
    13 | D        | Reached skill level 14 in Dodging
    13 | D        | Reached skill level 15 in Stealth
    13 | D        | Reached skill level 12 in Spellcasting
    13 | D        | Reached skill level 14 in Translocations
    13 | D        | Killed a bag of meat
    13 | D        | Reached skill level 10 in Fighting
    13 | D        | Reached skill level 16 in Dodging
    13 | D        | Reached skill level 17 in Stealth
    13 | D        | Reached skill level 14 in Spellcasting
    13 | D        | Reached skill level 16 in Translocations
    13 | D        | Reached XP level 15. HP: 41/81 MP: 17/34
    14 | D        | Noticed a meat berserker
    14 | D        | Noticed a bag of meat
    14 | D        | Noticed a bag of meat
    14 | D        | Noticed a bag of meat
    14 | D        | Noticed a bag of meat
    15 | D        | Killed a meat berserker
    15 | D        | Reached skill level 12 in Fighting
    15 | D        | Reached skill level 20 in Dodging
    15 | D        | Reached skill level 21 in Stealth
    15 | D        | Reached skill level 17 in Spellcasting
    15 | D        | Reached skill level 20 in Translocations
    16 | D        | Noticed a bag of meat
    16 | D        | Noticed a meat berserker
    16 | D        | Killed a bag of meat
    16 | D        | Reached skill level 13 in Fighting
    16 | D        | Reached skill level 21 in Dodging
    16 | D        | Reached skill level 22 in Stealth
    16 | D        | Reached skill level 18 in Spellcasting
    16 | D        | Reached skill level 21 in Translocations
    16 | D        | Reached XP level 16. HP: 43/92 MP: 18/39
    16 | D        | Killed a meat berserker
    16 | D        | Reached skill level 15 in Fighting
    16 | D        | Reached skill level 24 in Dodging
    16 | D        | Reached skill level 25 in Stealth
    16 | D        | Reached skill level 20 in Spellcasting
    16 | D        | Reached skill level 24 in Translocations
    16 | D        | Noticed a bag of meat
    17 | D        | Noticed a bag of meat
    17 | D        | Noticed a bag of meat
    17 | D        | Killed a meat berserker
    17 | D        | Reached skill level 17 in Fighting
    17 | D        | Reached skill level 26 in Dodging
    17 | D        | Reached skill level 27 in Stealth
    17 | D        | Reached skill level 22 in Spellcasting
    17 | D        | Reached skill level 26 in Translocations
    17 | D        | Reached XP level 17. HP: 44/102 MP: 18/44
    18 | D        | Killed a meat berserker
    18 | D        | Reached skill level 19 in Fighting
    18 | D        | Reached skill level 27 in Dodging
    18 | D        | Reached skill level 26 in Spellcasting
    18 | D        | Reached skill level 27 in Translocations
    18 | D        | Killed a bag of meat
    18 | D        | Reached skill level 21 in Fighting
    18 | D        | Reached skill level 27 in Spellcasting
    18 | D        | Reached XP level 18. HP: 45/116 MP: 18/50
    19 | D        | Noticed a bag of meat
    20 | D        | Demolished by a meat berserker

Table legend:
 A = Turns spent in this place as a percentage of turns spent in the entire game.
 B = Non-inter-level travel turns spent in this place as a percentage of non-inter-level travel turns spent in the entire game.
 C = Inter-level travel turns spent in this place as a percentage of turns spent in this place.
 D = Turns resting spent in this place as a percentage of non-inter-level travel turns spent in this place.
 E = Turns spent auto-exploring this place as a percentage of non-inter-level travel turns spent in this place.
 F = Non-inter-level travel turns spent in this place divided by the number of levels of this place that you've seen.
                   A       B       C       D       E      F
               +-------+-------+-------+-------+-------+----------------------
         Total | 100.0 | 100.0 |   0.0 |   0.0 |   0.0 |  39.0
       Dungeon | 100.0 | 100.0 |   0.0 |   0.0 |   0.0 |  39.0
               +-------+-------+-------+-------+-------+----------------------

Table legend:
 A = Kills in this place as a percentage of kills in entire the game.
 B = Kills by you in this place as a percentage of kills by you in the entire game.
 C = Kills by friends in this place as a percentage of kills by friends in the entire game.
 D = Other kills in this place as a percentage of other kills in the entire game.
 E = Experience gained in this place as a percentage of experience gained in the entire game.
 F = Experience gained in this place divided by the number of levels of this place that you have seen.
                   A       B       C       D       E      F
               +-------+-------+-------+-------+-------+----------------------
         Total | 100.0 | 100.0 |  -nan |  -nan | 100.0 | 303040.0
       Dungeon | 100.0 | 100.0 |  -nan |  -nan | 100.0 | 303040.0
               +-------+-------+-------+-------+-------+----------------------

Vanquished Creatures
  4 ogres (D)
  8 orcs (D)
12 creatures vanquished.
